 Dungeon Crawl Stone Soup version 0.20.1 (webtiles) character file.

144 KleinerIrrer the Sneak (level 5, 0/35 HPs)
             Began as an Octopode Assassin on July 2, 2017.
             Slain by an orc wizard
             ... wielding a +0 dagger
              (5 damage)
             ... on level 3 of the Dungeon.
             The game lasted 00:04:16 (2294 turns).

KleinerIrrer the Sneak (Octopode Assassin)          Turns: 2294, Time: 00:04:16

Health: 0/35       AC:  1    Str: 10    XL:     5   Next: 27%
Magic:  5/5        EV: 13    Int: 14    God:
Gold:   71         SH:  0    Dex: 14    Spells: 4/4 levels left

rFire    + . .     SeeInvis .   a - +2 dagger
rCold    . . .     Gourm    .   (no shield)
rNeg     . . .     Faith    .   (helmet restricted)
rPois    +         Spirit   .   (no amulet)
rElec    .         Reflect  .   k - ring of poison resistance
rCorr    .         Harm     .   l - ring of protection from fire
MR       .....                  (no ring)
Stlth    +++++.....             (no ring)
Regen    0.2/turn               (no ring)
MPRegen  0.1/turn               (no ring)
                                (no ring)
                                (no ring)

@: no status effects
A: almost no armour, stealthy swim, amphibious, 8 rings, constrict 8, camouflage
1, gelatinous body 1
a: no special abilities


You were on level 3 of the Dungeon.
You were not hungry.

You visited 1 branch of the dungeon, and saw 3 of its levels.

You collected 71 gold pieces.

Inventory:

Hand Weapons
 a - a +2 dagger (weapon)
 b - a +0 blowgun
Missiles
 c - 8 poisoned needles
 d - 2 curare-tipped needles
Jewellery
 k - a ring of poison resistance (left tentacle)
 l - a ring of protection from fire (right tentacle)
Scrolls
 e - a scroll of enchant weapon {unknown}
 h - 2 scrolls of identify {unknown}
 i - 2 scrolls of remove curse {unknown}
 m - a scroll of enchant armour {unknown}
 r - a scroll of immolation {unknown}
Potions
 n - a potion of heal wounds {unknown}
 q - 2 potions of haste {unknown}
Comestibles
 f - 2 bread rations
 g - a royal jelly
 j - 3 fruits
 p - a meat ration


   Skills:
 + Level 2.4 Fighting
 + Level 2.8 Short Blades
 - Level 2.1 Throwing
 + Level 2.0 Dodging
 + Level 7.5 Stealth


You had 4 spell levels left.
You didn't know any spells.

Dungeon Overview and Level Annotations

Branches:
Dungeon (3/15)

Altars:
Elyvilon


Innate Abilities, Weirdness & Mutations

You cannot wear most types of armour.
You are very stealthy in the water. (Stealth+)
You are amphibious.
You can wear up to eight rings at the same time.
You can use your tentacles to constrict eight enemies at once.
Your skin changes colour to match your surroundings (Stealth+).
Your rubbery body absorbs attacks. (AC +1, EV +1)


Message History

You barely miss the orc priest. You squeeze the orc priest!
You kill the orc priest!
Your Dodging skill increases to level 2!
You have reached level 5!
You feel clever. The orc hits you.
* * * LOW HITPOINT WARNING * * *
The orc wizard hits you but does no damage.
You hit the orc wizard. You grab the orc wizard. You squeeze the orc wizard.
The orc wizard is heavily wounded.
You constrict the orc wizard. The orc closely misses you.
You hit the orc but do no damage. Your grab misses the orc.
You constrict the orc wizard, but do no damage.
The orc wizard closely misses you. The orc barely misses you. The orc hits you.
* * * LOW HITPOINT WARNING * * *
You hit the orc. You grab the orc.
The orc is lightly wounded.
You constrict the orc. You constrict the orc wizard.
The orc wizard hits you with a dagger.
You die...

........)...## #
..#..(.......##.#
.......#........#
...........####..
.........?.####..
.................
.........)$##....
.>....o#.........
......o@....#.##.
......o.....# #
............[..
............#...
###....###......
... ..#..# #.....
.. .⌠.#.. .... ..
#.$ #≈≈ ### .##.≈


You could see an orc wizard and 2 orcs.

Vanquished Creatures
  An orc priest (D:3)
  4 adders
  2 worms (D:2)
  3 leopard geckos
  2 orcs (D:3)
  3 giant cockroaches (D:2)
  4 goblins
  7 hobgoblins
  10 jackals
  A quokka (D:3)
  6 bats
  5 frilled lizards
  8 kobolds
  9 rats
65 creatures vanquished.

Notes
Turn   | Place    | Note
-------+----------+-------------------------------------------
     0 | D:1      | KleinerIrrer the Octopode Assassin began the quest for the Orb.
     0 | D:1      | Reached XP level 1. HP: 14/14 MP: 1/1
    71 | D:1      | Reached XP level 2. HP: 17/19 MP: 2/2
   120 | D:1      | Reached skill level 6 in Stealth
   724 | D:1      | You fall through a shaft!
   738 | D:2      | Reached XP level 3. HP: 20/24 MP: 3/3
  1060 | D:2      | Found a white marble altar of Elyvilon.
  1252 | D:2      | Reached XP level 4. HP: 29/29 MP: 4/4
  1324 | D:2      | Reached skill level 7 in Stealth
  2291 | D:3      | Reached XP level 5. HP: 13/35 MP: 5/5
  2294 | D:3      | Slain by an orc wizard

Skill      XL: |  1  2  3  4 |
---------------+-------------+-----
Stealth        | 6 7 |  7.5
Dodging        | 2 |  2.0
Fighting       | |  2.4
Short Blades   | |  2.8
Throwing       | |  2.1

Action                   |  1- 3 |  4- 6 || total
-------------------------+-------+-------++-------
Melee: Dagger            |    75 |    59 ||   134
       Constrict         |    17 |    20 ||    37
       Tentacles         |    12 |    13 ||    25
 Stab: Sleeping          |    12 |     5 ||    17
  Eat: Chunk             |     1 |     3 ||     4
Armor: Skin              |     8 |     3 ||    11
Dodge: Dodged            |    33 |    39 ||    72
